 Dungeon Crawl Stone Soup version 0.16-a0-3705-gd89b1cd (webtiles) character file.

193 Chasingthesun the Chopper (level 5, -4/46 HPs)
             Began as a Hill Orc Gladiator on Jan 17, 2015.
             Slain by a river rat (9 damage)
             ... in a sewer on Jan 19, 2015.
             The game lasted 00:09:15 (2082 turns).

Chasingthesun the Chopper (Hill Orc Gladiator)      Turns: 2082, Time: 00:09:15

Health: -4/46      AC:  4    Str: 20    XL:     5   Next: 72%
Magic:  4/4        EV: 16    Int: 10    God:
Gold:   102        SH:  8    Dex: 17    Spells: 0 memorised, 4 levels left

rFire  . . .     SeeInvis .     a - +0 war axe
rCold  + . .     Clarity  .     b - +0 leather armour
rNeg   . . .     SustAb   .     s - +0 shield
rPois  .         Gourm    .     c - +0 helmet
rElec  .         Spirit   .     (no cloak)
rCorr  .         Warding  .     (no gloves)
rMut   .         Stasis   .     (no boots)
MR     .....                    (no amulet)
Stlth  ++........               (no ring)
                                g - +2 ring of strength

@: agile, lethally poisoned, not resistant to hostile enchantments, unstealthy
A: clever 1, cold resistance 1, low mp 1, evolution 1
a: no special abilities


You were in a sewer.
You were near starving.

You visited 1 branch of the dungeon, and saw 3 of its levels.
You also visited: Sewer.

You collected 102 gold pieces.

Inventory:

Hand weapons
 a - a +0 war axe (weapon)
Missiles
 d - 3 throwing nets (quivered)
Armour
 b - a +0 leather armour (worn)
 c - a +0 helmet (worn)
 r - a +0 chain mail
 s - a +0 shield (worn)
Jewellery
 g - a +2 ring of strength (left hand)
Scrolls
 e - a scroll of fog {unknown}
 h - 6 scrolls of identify {unknown}
 i - a scroll of enchant weapon {unknown}
 l - 4 scrolls of remove curse {unknown}
 t - a scroll of teleportation {unknown}
Potions
 p - a potion of curing {unknown}
 q - 2 potions of agility
Comestibles
 f - a meat ration


   Skills:
 + Level 4.2 Fighting
 + Level 5.8 Axes
 - Level 2.0 Throwing
 + Level 3.6 Dodging


You had 4 spell levels left.
You didn't know any spells.

Dungeon Overview and Level Annotations

Branches:
Dungeon (3/15)

Altars:
Fedhas
Kikubaaqudgha


Innate Abilities, Weirdness & Mutations

Your mind is acute. (Int +2)
Your flesh is cold resistant.
Your magical capacity is low (-10% MP).
You evolve.


Message History

The river rat bites you.
* * * LOW HITPOINT WARNING * * *
You hit the river rat but do no damage. You barely miss the river rat.
You block the river rat's attack.
The river rat bites you but does no damage.
Your shield prevents you from hitting the river rat.
You hit the river rat.
The river rat is heavily wounded.
You feel sick. You block the river rat's attack. The river rat bites you!
* * * LOW HITPOINT WARNING * * *
The river rat closely misses you.
Your magical contamination has completely faded away.
Drink which item? (? for menu, Esc to quit)
It was a potion of agility.
You feel agile all of a sudden. The river rat misses you. x2
You closely miss the river rat. You hit the river rat but do no damage.
The river rat is moderately wounded.
The river rat completely misses you. The river rat bites you!
You die...

###
#.#
#r#
#r#
#@#
#r#
#r#
#r#
#.#
#.#
#.#
#.#
#.#


You could see 2 river rats and 3 rats.

Vanquished Creatures
  Terence (D:3)
  4 gnolls (D:2)
  Robin (D:3)
  4 adders (D:2)
  4 giant mites (D:3)
  A worm (D:2)
  5 bats
  3 giant cockroaches
  9 hobgoblins
  3 jackals (D:1)
  A quokka (D:2)
  A ball python (D:1)
  3 giant newts
  12 goblins
  7 kobolds
  11 rats
70 creatures vanquished.

Notes
Turn   | Place    | Note
--------------------------------------------------------------
     0 | D:1      | Chasingthesun, the Hill Orc Gladiator, began the quest for the Orb.
     0 | D:1      | Reached XP level 1. HP: 18/18 MP: 1/1
   143 | D:1      | Reached XP level 2. HP: 12/25 MP: 2/2
   627 | D:1      | Reached XP level 3. HP: 24/30 MP: 3/3
  1086 | D:2      | Reached skill level 5 in Axes
  1095 | D:2      | Found an ancient bone altar of Kikubaaqudgha.
  1095 | D:2      | Found a blossoming altar of Fedhas.
  1252 | D:2      | Reached XP level 4. HP: 33/38 MP: 4/4
  1631 | D:2      | Reached XP level 5. HP: 7/45 MP: 5/5
  1640 | D:2      | Upgraded the game from 0.16-a0-3673-g9825574 to 0.16-a0-3705-gd89b1cd
  1848 | D:3      | Noticed Terence
  1854 | D:3      | Killed Terence
  1930 | D:3      | Noticed Robin
  1944 | D:3      | Gained mutation: Your magical capacity is low (-10% MP). [potion of mutation]
  1944 | D:3      | Gained mutation: You evolve. [potion of mutation]
  1944 | D:3      | Gained mutation: Your flesh is cold resistant. [potion of mutation]
  1954 | D:3      | Killed Robin
  2010 | D:3      | Gained mutation: Your mind is acute. (Int +2) [evolution]
  2052 | D:3      | Found a glowing drain.
  2074 | Sewer    | Entered a sewer
  2082 | Sewer    | Slain by a river rat

Action                   |  1- 3 |  4- 6 || total
-------------------------+-------+-------++-------
Melee: War axe           |   100 |    96 ||   196
  Use: Potion            |       |     8 ||     8
       Scroll            |       |     1 ||     1
 Stab: Invisible         |       |     1 ||     1
  Eat: Chunk             |       |     3 ||     3
